 Dungeon Crawl Stone Soup version 0.26-a0-1139-g7d2dc893a1 (webtiles) character file.

Game seed: 7377415925400325549

70973 HoaS the Hoplite (level 15, -10/78 HPs)
             Began as a Gargoyle Fighter on Dec 21, 2020.
             Was the Champion of Makhleb.
             Killed by divine providence
             ... invoked by Saint Roka
              (15 damage)
             ... on level 1 of the Orcish Mines.
             The game lasted 00:51:48 (18746 turns).

HoaS the Hoplite (Gargoyle Fighter)                Turns: 18746, Time: 00:51:49

Health: -10/78     AC: 37    Str: 25    XL:     15   Next: 35%
Magic:  15/15      EV: 11    Int:  8    God:    Makhleb [******]
Gold:   1419       SH: 27    Dex: 11    Spells: 14/14 levels left

rFire    . . .     SeeInvis .   w - +1 eveningstar (elec)
rCold    . . .     Faith    .   h - +3 tower shield
rNeg     + . .     Spirit   .   I - +2 crystal plate armour
rPois    ∞         Reflect  .   p - +2 hat
rElec    +         Harm     .   (no cloak)
rCorr    .         Rampage  .   j - +2 pair of gloves
Will     ++...                  r - +2 pair of boots
Stlth    ..........             z - amulet of regeneration
HPRegen  0.63/turn              G - ring of willpower
MPRegen  0.14/turn              D - ring of Phasing {EV+8}

@: no status effects
A: big wings, negative energy resistance 1, electricity resistance, unbreathing,
petrification resistance, miasma immunity, AC +11
a: Fly, Renounce Religion, Minor Destruction, Lesser Servant of Makhleb, Major
Destruction, Greater Servant of Makhleb


You were on level 1 of the Orcish Mines.
You worshipped Makhleb.
Makhleb was exalted by your worship.
You visited 4 branches of the dungeon, and saw 21 of its levels.
You also visited: Ice Cave.

You collected 1529 gold pieces.
You spent 110 gold pieces at shops.

Inventory:

Hand Weapons
 w - a +1 eveningstar of electrocution (weapon)
Armour
 h - a +3 tower shield (worn)
 j - a +2 pair of gloves (worn)
 p - a +2 hat (worn)
 r - a +2 pair of boots (worn)
 I - a +2 crystal plate armour (worn)
Jewellery
 k - an uncursed ring of positive energy
 m - an uncursed ring of ice
 s - an uncursed ring of flight
 z - an amulet of regeneration (around neck)
 B - an uncursed ring of fire
 D - the ring of Phasing (right hand) {EV+8}
   (You took it off a big kobold on level 10 of the Dungeon)

   [ring of evasion]

   It affects your evasion (+8).
 G - a ring of willpower (left hand)
Wands
 n - a wand of iceblast (9)
 t - a wand of digging (10)
 u - a wand of polymorph (13)
 v - a wand of enslavement (6)
 y - a wand of flame (7)
 C - a wand of acid (6) (quivered)
 E - a wand of paralysis (4)
Scrolls
 b - 4 scrolls of magic mapping
 d - 4 scrolls of blinking
 g - 11 scrolls of remove curse
 i - 8 scrolls of identify
 o - 3 scrolls of fear
 q - 2 scrolls of fog
 A - 5 scrolls of teleportation
 F - a scroll of silence
Potions
 c - a potion of invisibility
 e - 7 potions of curing
 f - 3 potions of attraction
 l - 2 potions of flight
 H - 2 potions of lignification


   Skills:
 - Level 3.2 Fighting
 - Level 16.0 Maces & Flails
 - Level 3.2 Armour
 + Level 21.0 Shields


You had 14 spell levels left.
You didn't know any spells.
Your spell library contained the following spells:

 Spells                   Type           Power        Failure   Level
 Beastly Appendage        Tmut           0%           100%        1
 Magic Dart               Conj           0%           100%        1
 Summon Small Mammal      Summ           0%           100%        1
 Call Imp                 Summ           0%           100%        2
 Searing Ray              Conj           0%           100%        2
 Wereblood                Tmut           0%           100%        2
 Call Canine Familiar     Summ           0%           100%        3
 Dazzling Flash           Conj/Hex       0%           100%        3
 Ignite Poison            Fire/Tmut/Pois 0%           100%        3
 Spider Form              Tmut/Pois      0%           100%        3
 Summon Guardian Golem    Hex/Summ       0%           100%        3
 Fulminant Prism          Conj/Hex       0%           100%        4
 Ice Form                 Ice/Tmut       0%           100%        4
 Iskenderun's Mystic Bla  Conj/Tloc      0%           100%        4
 Summon Ice Beast         Ice/Summ       0%           100%        4
 Summon Lightning Spire   Summ/Air       0%           100%        4
 Blade Hands              Tmut           0%           100%        5
 Fireball                 Conj/Fire      0%           100%        5
 Starburst                Conj/Fire      0%           100%        6
 Ignition                 Fire           0%           100%        8


Dungeon Overview and Level Annotations

Branches:
Dungeon (12/15)            Temple (1/1) D:4            Lair (6/6) D:9
  Swamp (0/4) Lair:4       Spider (0/4) Lair:2        Slime (0/5) Lair:5
    Orc (2/2) D:9             Elf (0/3) Orc:2         IceCv (visited)

Altars:
Ashenzari
Cheibriados
Dithmenos
Elyvilon
Fedhas
Gozag
Hepliaklqana
Kikubaaqudgha
Makhleb
Nemelex Xobeh
Okawaru
Qazlal
Ru
Sif Muna
Trog
Uskayaw
Vehumet
Wu Jian
Xom
Yredelemnul
Zin
The Shining One
Beogh
Jiyva

Shops:
D:5 (   D:11 ?

Annotations:
Lair:5 exclusion: 2 oklob plants
Orc:1 Saint Roka


Innate Abilities, Weirdness & Mutations

You are resistant to torment.
Your stone body is resilient. (AC +11)
You are immune to poison.
Your large and strong wings let you fly indefinitely.
You resist negative energy. (rN+)
You are resistant to electric shocks. (rElec)
You can survive without breathing.
You are immune to petrification.
You are immune to miasma.


Message History

Aiming: Corrosive Bolt
Press: ? - help, Shift-Dir - straight line, f/p - Saint Roka
Aim: Saint Roka, wielding a +3 great sword and wearing a +2 chain mail of cold resistance (moderately wounded, 21% to evade)
The bolt of acid hits Saint Roka but does no damage.
Saint Roka is moderately wounded.
Saint Roka mumbles some strange prayers to Beogh against you.
Beogh smites you!
* * * LOW HITPOINT WARNING * * *
You closely miss Saint Roka.
Saint Roka is moderately wounded.
You impale Saint Roka!!
Saint Roka is heavily wounded.
Saint Roka calls down the wrath of Beogh upon you.
Beogh smites you!
* * * LOW HITPOINT WARNING * * *
Your crystal plate armour prevents you from hitting Saint Roka.
Saint Roka is heavily wounded.
Saint Roka mumbles some strange prayers to Beogh against you.
Beogh smites you!
You die...

##.###.## #.......#
##.....#######
###....###.#.##
##.......#.....#
#.......#......## ###
###.###.###......# ##.##
##....##[o#......##
##...###.......[@<.....##
#...##.#...#....[)....##
##...................##
#..................##
##.#.#.#.##.##.#.###
#################


You could see Saint Roka.

Vanquished Creatures
  Donald (Orc:2)
  A reaper (IceCv)
  A yaktaur captain (D:10)
  Fannar (Lair:1)
  The ghost of Udaerasu the Reanimator, a journeyman DsWn of Ashenzari (Lair:3)
  A boulder beetle (D:11)
  10 hydras
  2 catoblepae (Lair:6)
  4 two-headed ogres
  4 death yaks (Lair:3)
  Pikel (D:6)
  A lindwurm (Lair:6)
  2 orc knights (Orc:1)
  A deep elf mage (D:11)
  A cyclops (D:11)
  2 manticores (Lair:6)
  16 elephants
  2 ice statues (IceCv)
  2 centaur skeletons (D:11)
  A torpor snail (Lair:6)
  Maggie (D:7)
  18 cane toads
  6 black mambas
  3 kobold demonologists (D:12)
  10 rime drakes
  14 ice devils
  9 komodo dragons
  2 trolls
  8 polar bears
  A hornet (D:8)
  13 blink frogs
  A slime creature (Lair:3)
  A redback (Lair:2)
  2 wyverns
  43 yaks
  2 wraiths (D:10)
  4 basilisks
  A vampire (D:11)
  Eustachio (D:4)
  3 insubstantial wisps (Lair:4)
  2 wargs
  A soldier ant (D:11)
  An acid dragon (D:11)
  28 water moccasins
  2 ice beasts
  3 black bears
  16 orc warriors
  4 sky beasts
  4 necrophages
  5 ogres
  5 wolves (D:9)
  9 centaurs
  A lemure (D:6)
  5 big kobolds
  25 bullfrogs
  2 wyvern skeletons
  A wyvern zombie (D:12)
  2 scorpions
  A water moccasin skeleton (D:9)
  19 wights
  4 electric eels
  2 howler monkeys (D:7)
  A quasit (D:9)
  3 centaur zombies
  A bullfrog zombie (D:5)
  5 hounds
  10 orc priests
  14 jellies
  2 bullfrog skeletons
  Terence (D:3)
  10 worker ants
  4 iguanas
  6 orc wizards
  6 hell rats (Lair:3)
  A killer bee zombie (D:6)
  2 hound skeletons
  A mummy (D:7)
  14 adders
  2 shadow imps
  9 white imps
  6 ufetubi
  10 oozes (Lair:3)
  An adder zombie (D:7)
  An adder skeleton (D:4)
  5 worms
  3 dart slugs
  11 leopard geckos
  62 orcs
  6 giant cockroaches
  13 goblins
  5 hobgoblins
  2 jackals (D:4)
  8 quokkas
  9 bats
  4 frilled lizards
  A jackal skeleton (D:5)
  15 kobolds
  8 rats
602 creatures vanquished.

Vanquished Creatures (others)
  3 white imps (IceCv)
  3 ufetubi (IceCv)
  19 fungi
  28 plants
53 creatures vanquished.

Grand Total: 655 creatures vanquished

Notes
Turn   | Place    | Note
-------+----------+-------------------------------------------
     0 | D:1      | HoaS the Gargoyle Fighter began the quest for the Orb.
     0 | D:1      | Reached XP level 1. HP: 14/14 MP: 1/1
   231 | D:1      | Reached XP level 2. HP: 19/19 MP: 2/2
   629 | D:1      | Reached XP level 3. HP: 23/23 MP: 3/3
   849 | D:2      | Found a shimmering blue altar of Sif Muna.
  1198 | D:2      | Found a blossoming altar of Fedhas.
  1232 | D:2      | Reached skill level 4 in Shields
  1263 | D:2      | Found a stormy altar of Qazlal.
  1266 | D:2      | You fall into a shaft and drop 2 floors!
  1287 | D:4      | Noticed Eustachio
  1321 | D:4      | Killed Eustachio
  1322 | D:4      | Reached XP level 4. HP: 10/28 MP: 4/4
  1322 | D:4      | Reached XP level 5. HP: 11/32 MP: 5/5
  1528 | D:4      | Found a staircase to the Ecumenical Temple.
  1529 | D:4      | Noticed an ogre
  1573 | D:4      | Reached skill level 5 in Maces & Flails
  1577 | D:4      | Reached XP level 6. HP: 36/37 MP: 6/6
  1592 | D:4      | Reached skill level 5 in Shields
  1690 | Temple   | Entered the Ecumenical Temple
  1875 | D:3      | Noticed Terence
  1893 | D:3      | Killed Terence
  2207 | D:3      | Found a sacrificial altar of Ru.
  2276 | D:2      | Found a basalt altar of Yredelemnul.
  2818 | D:3      | Reached XP level 7. HP: 41/41 MP: 7/7
  3110 | D:4      | Found an iron altar of Okawaru.
  3264 | D:5      | Entered Level 5 of the Dungeon
  3504 | D:4      | Reached skill level 6 in Shields
  3777 | D:5      | Reached XP level 8. HP: 45/46 MP: 8/8
  3779 | D:5      | Found Esitanif's Weapon Emporium.
  3787 | D:5      | Bought a +0 morningstar of holy wrath for 110 gold pieces
  3940 | D:5      | Reached skill level 7 in Shields
  4379 | D:6      | Noticed Pikel
  4406 | D:6      | Killed Pikel
  4407 | D:6      | Reached XP level 9. HP: 44/51 MP: 9/9
  4430 | D:6      | Found a broken altar of Ashenzari.
  4759 | D:6      | Found a burning altar of Makhleb.
  4764 | D:6      | Became a worshipper of Makhleb the Destroyer
  4778 | D:6      | Noticed a two-headed ogre
  4808 | D:6      | Reached skill level 8 in Shields
  5092 | D:6      | Reached skill level 10 in Maces & Flails
  5117 | D:6      | Found a glowing golden altar of the Shining One.
  5489 | D:6      | Found a shimmering altar of Xom.
  5761 | D:7      | Noticed Maggie
  5778 | D:7      | Killed Maggie
  5807 | D:7      | Reached * piety under Makhleb
  5831 | D:7      | Reached skill level 9 in Shields
  6095 | D:7      | Found a snail-covered altar of Cheibriados.
  6566 | D:8      | Found a hazy altar of Hepliaklqana.
  6572 | D:8      | Noticed a hornet
  6595 | D:8      | Killed a hornet
  6596 | D:8      | Reached XP level 10. HP: 38/56 MP: 10/10
  7575 | D:9      | Reached ** piety under Makhleb
  7581 | D:9      | Reached skill level 10 in Shields
  7619 | D:9      | Found a sacrificial altar of Ru.
  7699 | D:9      | Noticed a two-headed ogre
  7712 | D:9      | Killed a two-headed ogre
  7857 | D:9      | Found a roughly hewn altar of Beogh.
  7857 | D:9      | Found a staircase to the Orcish Mines.
  7932 | D:9      | Found a staircase to the Lair.
  8375 | D:10     | Entered Level 10 of the Dungeon
  8531 | D:10     | Reached XP level 11. HP: 60/60 MP: 11/11
  8558 | D:10     | Reached *** piety under Makhleb
  8656 | D:10     | Noticed a two-headed ogre
  8749 | Lair:1   | Entered Level 1 of the Lair of Beasts
  8763 | Lair:1   | Reached skill level 11 in Shields
  9001 | Lair:1   | Found the +8 whip "Snakebite" {curare, rPois}
  9275 | Lair:1   | Reached **** piety under Makhleb
  9574 | Lair:1   | Noticed Fannar
  9616 | Lair:2   | Reached skill level 12 in Shields
  9800 | Lair:2   | Found a hole to the Spider Nest.
  9809 | Lair:2   | Noticed a six-headed hydra
  9817 | Lair:2   | Killed a six-headed hydra
  9818 | Lair:2   | Reached XP level 12. HP: 37/64 MP: 12/12
  9832 | Lair:2   | Reached skill level 15 in Maces & Flails
  9883 | Lair:2   | Noticed a six-headed hydra
  9909 | Lair:2   | Killed a six-headed hydra
  9956 | Lair:2   | Noticed a six-headed hydra
  9970 | Lair:2   | Killed a six-headed hydra
 10503 | Lair:2   | Noticed a four-headed hydra
 10515 | Lair:2   | Killed a four-headed hydra
 10693 | Lair:3   | Reached skill level 13 in Shields
 10804 | Lair:3   | Noticed a five-headed hydra
 10810 | Lair:3   | Killed a five-headed hydra
 10948 | Lair:3   | Found a runed translucent gate.
 10949 | Lair:3   | Found a runed translucent gate.
 10950 | Lair:3   | Noticed Udaerasu's ghost (journeyman DsWn)
 10959 | Lair:3   | Reached skill level 14 in Shields
 11152 | Lair:3   | Reached XP level 13. HP: 60/68 MP: 13/13
 11189 | Lair:3   | Found a runed translucent gate.
 11718 | Lair:3   | Reached skill level 15 in Shields
 11733 | Lair:3   | Reached ***** piety under Makhleb
 12304 | Lair:4   | Reached skill level 16 in Shields
 12334 | Lair:4   | Found a staircase to the Swamp.
 13032 | Lair:5   | Reached skill level 17 in Shields
 13127 | Lair:5   | Found a staircase to the Slime Pits.
 13127 | Lair:5   | Found a viscous altar of Jiyva.
 13549 | Lair:6   | Entered Level 6 of the Lair of Beasts
 13643 | Lair:5   | Gained mutation: Your large and strong wings let you fly
                  | indefinitely. [Gargoyle growth]
 13643 | Lair:5   | Reached XP level 14. HP: 74/74 MP: 14/14
 13872 | Lair:6   | Reached skill level 18 in Shields
 14092 | Lair:6   | Found the +3 sling "Punk" {acid, rCorr}
 14099 | Lair:6   | Got a brightly glowing ring mail
 14100 | Lair:6   | Identified the +2 ring mail of Nakhluc {Harm Dex+4} (You
                  | found it on level 6 of the Lair of Beasts)
 14497 | Lair:6   | Reached skill level 19 in Shields
 14866 | Lair:3   | Killed Udaerasu's ghost
 14938 | Lair:1   | Killed Fannar
 15942 | D:11     | Found Roxkihaf's Magic Scroll Emporium.
 16047 | D:11     | Found a frozen archway.
 16079 | IceCv    | Entered an ice cave
 16208 | IceCv    | Reached ****** piety under Makhleb
 16291 | IceCv    | Noticed a reaper
 16298 | IceCv    | Reached skill level 20 in Shields
 16310 | IceCv    | Killed a reaper
 16623 | D:11     | Reached XP level 15. HP: 78/78 MP: 15/15
 17096 | D:11     | Found a hide-covered altar of Uskayaw.
 17145 | D:11     | You fall into a shaft and drop 1 floor!
 18296 | Orc:1    | Entered Level 1 of the Orcish Mines
 18390 | Orc:2    | Entered Level 2 of the Orcish Mines
 18425 | Orc:2    | Found a staircase to the Elven Halls.
 18452 | Orc:2    | Noticed Donald
 18477 | Orc:2    | Killed Donald
 18478 | Orc:2    | Reached skill level 21 in Shields
 18601 | Orc:2    | Noticed Saint Roka
 18746 | Orc:1    | Killed from afar by Saint Roka

Illustrated notes

Levels and vault maps discovered:
D:1:      dpeg_arrival_tiny_i, layout_basic, chequers_serial_rivers_marsh
D:2:      layout_loops_cross, yredelemnul_altar_generic, grunt_qazlal_sundering,
          fedhas_altar_fruit_tree, nicolae_overflow_crystal_walls,
          kennysheep_generic_room_12
D:3:      layout_rooms, nicolae_ru_sacrificial_ziggurat, uniq_terence
D:4:      layout_gridville, okawaru_trees_2,
          minmay_temple_entry_drinking_statues, uniq_eustachio
D:5:      layout_rooms, serial_shops, nicolae_shop_trees,
          kennysheep_generic_room_14
D:6:      minmay_clustersquares, layout_loops_ring, evilmike_ruin_ashenzari,
          kennysheep_mini, marbit_many_paths, tgw_xom, uniq_pikel
D:7:      layout_basic, kennysheep_mini_moat, uniq_maggie
D:8:      layout_rooms, overflow_temple_1_default, serial_undead,
          serial_undead_f, serial_undead_e, serial_undead_c, serial_undead_b,
          nicolae_wwwww
D:9:      layout_irregular_city, kennysheep_little_box, erik_lair_island,
          david_orc_5, corexii_corridor_pit
D:10:     layout_roguey, kennysheep_just_a_vault
D:11:     layout_stronghold, portal_ice_cave_demonic_guard, basic_altar,
          serial_shops, nicolae_shop_statue_plus
D:12:     layout_basic, nrook_mini_backslash
Temple:   chequers_temple_sunken
Lair:1:   minmay_guarded_unrand_snakebite, layout_layer_cave,
          grunt_megastairs_2, uniq_fannar
Lair:2:   layout_cave_pods, spider_nest_entry_webs, minivault_19,
          grunt_megastairs_5, lemuel_fruit_tree
Lair:3:   lemuel_slime, layout_loops_ring, gammafunk_ghost_hydra_chop
Lair:4:   layout_regular_city, minmay_swamp_entry_wisps, beast_lair_carwin_1,
          serial_bayou_shore_a
Lair:5:   minmay_lair_oklob_tunnel, layout_regular_city, slime_altar_1
Lair:6:   hangedman_lair_in_review, layout_long_grid, minmay_lair_drake_nest
Orc:1:    layout_caves, serial_shops, shop, special_room [special_room_bee],
          uniq_sonja
Orc:2:    st_orc_pillars, layout_diamond_mine, gammafunk_ghost_cemetery,
          uniq_donald, uniq_saint_roka

Skill      XL: |  1  2  3  4  5  6  7  8  9 10 11 12 13 14 15 |
---------------+----------------------------------------------+-----
Maces & Flails | 3 4 5 6 7 9 11 13 14 16 | 16.0
Shields        | 4 5 6 7 9 10 12 14 17 20 21 | 21.0
Fighting       | |  3.2
Armour         | |  3.2

Action                   |  1- 3 |  4- 6 |  7- 9 | 10-12 | 13-15 || total
-------------------------+-------+-------+-------+-------+-------++-------
Melee: Flail             |   135 |   153 |   142 |       |       ||   430
       Morningstar       |       |       |    40 |       |       ||    40
       Whip              |       |       |   305 |    87 |       ||   392
       Eveningstar       |       |       |       |   779 |  1275 ||  2054
Evoke: Wand              |       |       |       |       |     5 ||     5
  Use: Scroll            |     6 |    11 |     3 |     7 |    15 ||    42
       Potion            |     1 |     1 |     4 |     1 |     5 ||    12
 Stab: Held in net/web   |       |       |       |     2 |       ||     2
       Petrified         |       |       |       |       |    17 ||    17
Armor: Scale mail        |   112 |    12 |       |       |       ||   124
       Chain mail        |       |    77 |   128 |       |       ||   205
       Plate armour      |       |       |    54 |   136 |       ||   190
       Gold dragon scale |       |       |       |   301 |   532 ||   833
       Crystal plate arm |       |       |       |       |     4 ||     4
Dodge: Dodged            |    63 |    37 |    70 |    87 |   107 ||   364
Block: Kite shield       |    79 |    97 |   177 |   425 |   266 ||  1044
       Tower shield      |       |       |       |       |   797 ||   797

Table legend: (Time is in decaauts)
 A = Elapsed time spent in this place.
 B = Non-inter-level travel time spent in this place.
 C = Inter-level travel time spent in this place.
 D = Time resting spent in this place.
 E = Time spent auto-exploring this place.
 F = Levels seen in this place.
 G = Mean time per level.
                   A        B        C        D        E       F      G
               +--------+--------+--------+--------+--------+-----+--------+
         Total |  18235 |  17116 |   1119 |   1705 |  10804 |  22 |  828.9 |
       Dungeon |  10596 |   9839 |    757 |   1412 |   5780 |  12 |  883.0 |
        Temple |    208 |    204 |      4 |      0 |    201 |   1 |  208.0 |
          Lair |   6603 |   6246 |    357 |    198 |   4504 |   6 | 1100.5 |
  Orcish Mines |    422 |    422 |      0 |     67 |    155 |   2 |  211.0 |
      Ice Cave |    405 |    405 |      0 |     28 |    162 |   1 |  405.0 |
               +--------+--------+--------+--------+--------+-----+--------+

Top non-repeatable levels by time:
  Lair:1: 1521 daAuts
     D:6: 1340 daAuts
    D:11: 1229 daAuts
  Lair:3: 1160 daAuts
     D:7: 1141 daAuts
  Lair:6: 1080 daAuts
  Lair:2: 1061 daAuts
     D:2: 1030 daAuts
     D:9: 961 daAuts
     D:4: 955 daAuts
  Lair:4: 892 daAuts
  Lair:5: 886 daAuts
     D:1: 798 daAuts
     D:5: 770 daAuts
     D:3: 712 daAuts
